[Event "ICC tourney 2354 (60 10)"]
[Site "Internet Chess Club"]
[Date "2021.01.30"]
[Round "1"]
[White "dontbliink"]
[Black "SAHY-Gabe"]
[Result "0-1"]
[ICCResult "White checkmated"]
[WhiteElo "902"]
[BlackElo "1423"]
[Opening "Philidor's defense"]
[ECO "C41"]
[NIC "KP.10"]
[Time "10:12:29"]
[PlyCount "74"]
[TimeControl "3600+10"]

1. e4 e5 2. Nf3 d6 3. h3 Nf6 4. Nc3 Be7 5. Bc4 O-O 6. O-O c6 7. Bb3 a5 8.
a3 Nbd7 9. d3 a4 10. Nxa4 b5 11. Nc3 Nc5 12. Ra2 Nxb3 13. cxb3 Be6 14. d4
exd4 15. Nxd4 c5 16. Nxe6 fxe6 17. Nxb5 Nxe4 18. Re1 d5 19. f3 Ng3 20. Kh2
Bh4 21. Rxe6 Qd7 22. Re5 Qxb5 23. Qxd5+ Kh8 24. Re1 Nf1+ 25. Kg1 Bxe1 26.
Bf4 Qe2 27. Ra1 Rad8 28. Qg5 h6 29. Qg4 Qf2+ 30. Kh1 Ng3+ 31. Bxg3 Qxg3 32.
Qxg3 Bxg3 33. Kg1 Rfe8 34. a4 Re7 35. Kf1 Rde8 36. a5 Re1+ 37. Rxe1 Rxe1# {
White checkmated } 0-1

[Event "ICC tourney 2354 (60 10)"]
[Site "Internet Chess Club"]
[Date "2021.01.30"]
[Round "1"]
[White "mricaud"]
[Black "SalmonEater"]
[Result "0-1"]
[ICCResult "White resigns"]
[WhiteElo "1291"]
[BlackElo "1932"]
[Opening "Sicilian: Alapin's variation (2.c3)"]
[ECO "B22"]
[NIC "SI.46"]
[Time "10:12:29"]
[PlyCount "56"]
[TimeControl "3600+10"]

1. e4 c5 2. c3 d5 3. exd5 Qxd5 4. d4 cxd4 5. cxd4 Nc6 6. Nf3 e5 7. Be3 Bg4
8. Be2 O-O-O 9. O-O exd4 10. h3 Be6 11. Nxd4 Nxd4 12. Bxd4 Qxd4 13. Qc2+
Kb8 14. Rd1 Qb6 15. Nc3 Be7 16. Qa4 Nf6 17. Qf4+ Bd6 18. Qa4 Bc7 19. Nb5
Bd7 20. Rac1 a6 21. Qb3 Bxb5 22. Rxd8+ Rxd8 23. Bf3 Bc6 24. Qxf7 Bxf3 25.
gxf3 Rd7 26. Qf8+ Ka7 27. Kg2 Qd6 28. Qxd6 Bxd6 { White resigns } 0-1

[Event "ICC tourney 2354 (60 10)"]
[Site "Internet Chess Club"]
[Date "2021.01.30"]
[Round "1"]
[White "forcemajor"]
[Black "Evan2win"]
[Result "1-0"]
[ICCResult "Black checkmated"]
[WhiteElo "1423"]
[BlackElo "893"]
[Opening "Caro-Kann: Panov-Botvinnik attack"]
[ECO "B13"]
[NIC "CK.02"]
[Time "10:12:15"]
[PlyCount "79"]
[TimeControl "3600+10"]

1. e4 c6 2. d4 d5 3. exd5 cxd5 4. c4 dxc4 5. Bxc4 Bf5 6. Nf3 e6 7. Nc3 Bb4
8. O-O Nf6 9. a3 Ba5 10. Bg5 O-O 11. h3 h6 12. Bh4 Nc6 13. d5 Bxc3 14. bxc3
Na5 15. Ba2 Re8 16. dxe6 fxe6 17. Re1 Qb6 18. Nd4 Kh7 19. Nxf5 exf5 20.
Bxf6 Qxf6 21. Qc2 Rad8 22. Rab1 Kh8 23. Rbc1 Kh7 24. Rxe8 Rxe8 25. Bb1 Kg6
26. Rd1 Nc4 27. Qd3 Nxa3 28. Qg3+ Kh7 29. Rd6 Qg5 30. Qxg5 hxg5 31. Bxf5+
Kh8 32. Rd7 Re1+ 33. Kh2 Re8 34. Rxb7 Ra8 35. Kg3 a5 36. Be6 Kh7 37. Rb3
Nc2 38. Bf5+ Kh6 39. Rb6+ Kh5 40. Bg4# { Black checkmated } 1-0

[Event "ICC tourney 2354 (60 10)"]
[Site "Internet Chess Club"]
[Date "2021.01.30"]
[Round "1"]
[White "lemonbar"]
[Black "CommissionerG"]
[Result "0-1"]
[ICCResult "White checkmated"]
[WhiteElo "822"]
[BlackElo "1397"]
[Opening "Queen's pawn game"]
[ECO "D00"]
[NIC "QP.07"]
[Time "10:11:35"]
[PlyCount "70"]
[TimeControl "3600+10"]

1. d4 Nf6 2. Nc3 d5 3. Nf3 e6 4. e3 c5 5. Be2 Nc6 6. O-O cxd4 7. exd4 Bd6
8. Bg5 Bd7 9. Re1 Rc8 10. Rc1 a6 11. a3 Na5 12. Ne5 Be7 13. Nxd7 Qxd7 14.
Bxf6 Bxf6 15. Qd2 Nc4 16. Bxc4 Rxc4 17. Ne2 h6 18. b3 Rc6 19. c4 dxc4 20.
Rxc4 Rxc4 21. bxc4 O-O 22. d5 exd5 23. Qxd5 Qxd5 24. cxd5 Rd8 25. Rd1 b5
26. Nf4 g5 27. Nh5 Bb2 28. d6 Bxa3 29. d7 Kf8 30. Rd3 Bc5 31. Rd5 Ba3 32.
Rd3 Bb2 33. Rd2 Bc3 34. Rc2 Rxd7 35. Rxc3 Rd1# { White checkmated } 0-1

[Event "ICC tourney 2354 (60 10)"]
[Site "Internet Chess Club"]
[Date "2021.01.30"]
[Round "1"]
[White "IronFocus"]
[Black "kevin2010"]
[Result "1-0"]
[ICCResult "Black resigns"]
[WhiteElo "1548"]
[BlackElo "1126"]
[Opening "Sicilian: Kan, 5.Nc3"]
[ECO "B43"]
[NIC "SI.41"]
[Time "10:11:40"]
[PlyCount "41"]
[TimeControl "3600+10"]

1. e4 c5 2. Nf3 e6 3. d4 cxd4 4. Nxd4 a6 5. Nc3 Qc7 6. a3 Nf6 7. Be3 Nc6 8.
f3 Bc5 9. Qd2 O-O 10. Nxc6 Qxc6 11. Bxc5 Qxc5 12. O-O-O b6 13. g4 Bb7 14.
h4 g6 15. h5 gxh5 16. gxh5 Nxh5 17. Qh6 Nf6 18. Qxf6 Qe3+ 19. Kb1 b5 20.
Bd3 Rfe8 21. Rxh7 { Black resigns } 1-0

[Event "ICC tourney 2354 (60 10)"]
[Site "Internet Chess Club"]
[Date "2021.01.30"]
[Round "1"]
[White "Fundog4"]
[Black "CICyclones"]
[Result "1-0"]
[ICCResult "Black checkmated"]
[WhiteElo "1150"]
[BlackElo "1552"]
[Opening "French: advance variation"]
[ECO "C02"]
[NIC "FR.03"]
[Time "10:12:29"]
[PlyCount "59"]
[TimeControl "3600+10"]

1. e4 e6 2. d4 d5 3. e5 Nc6 4. c3 a6 5. Nf3 Bd7 6. a3 Be7 7. b4 a5 8. b5
Na7 9. a4 c6 10. Qb3 cxb5 11. axb5 Qb6 12. Na3 Rc8 13. Bb2 Nh6 14. Be2 O-O
15. O-O Rc7 16. Rab1 Rfc8 17. c4 Bxa3 18. Bxa3 dxc4 19. Qc2 Nxb5 20. Bc5
Rxc5 21. dxc5 Qxc5 22. Ra1 b6 23. Rfc1 Nf5 24. Qxc4 Qxc4 25. Rxc4 Rxc4 26.
Bxc4 Nbd4 27. Nxd4 Nxd4 28. Rd1 Bb5 29. Rxd4 Bxc4 30. Rd8# { Black
checkmated } 1-0

[Event "ICC tourney 2354 (60 10)"]
[Site "Internet Chess Club"]
[Date "2021.01.30"]
[Round "1"]
[White "powerfulchess"]
[Black "bogglylogs"]
[Result "0-1"]
[ICCResult "White checkmated"]
[WhiteElo "928"]
[BlackElo "1460"]
[Opening "Queen's pawn"]
[ECO "A40"]
[NIC "QO.17"]
[Time "10:12:20"]
[PlyCount "136"]
[TimeControl "3600+10"]

1. d4 e6 2. Nf3 c5 3. dxc5 Bxc5 4. g3 Nf6 5. Bg2 d5 6. O-O O-O 7. Bg5 h6 8.
Bxf6 Qxf6 9. Nc3 Nc6 10. e4 d4 11. Ne2 e5 12. c3 Bg4 13. Nc1 Rad8 14. Qe2
Rd6 15. h3 Bxf3 16. Qxf3 Qxf3 17. Bxf3 d3 18. Rd1 d2 19. Nb3 Bb6 20. Rxd2
Rfd8 21. Rxd6 Rxd6 22. Rd1 Rf6 23. Kg2 Nb8 24. c4 Na6 25. Rd7 Bc7 26. Rd5
Rc6 27. c5 Nb4 28. Rd1 Nxa2 29. Ra1 Nb4 30. Be2 a6 31. Na5 Bxa5 32. Rxa5
Nc2 33. Bg4 Nd4 34. Bd7 Rc7 35. Ba4 Ne6 36. b4 Nd4 37. c6 Nxc6 38. Bxc6
Rxc6 39. Rxe5 Rb6 40. Kf3 Rxb4 41. Ra5 Kf8 42. Ke3 Rb2 43. f4 g6 44. g4
Rb3+ 45. Kf2 Rxh3 46. Kg2 Rb3 47. Kf2 Rb5 48. Rxb5 axb5 49. Ke3 h5 50. gxh5
gxh5 51. Kd4 h4 52. Ke3 b4 53. Ke2 b3 54. Kd2 h3 55. Kc1 h2 56. Kb2 h1=Q
57. Kxb3 Qxe4 58. Kc3 Qxf4 59. Kd3 b5 60. Kc3 Qc4+ 61. Kb2 b4 62. Ka1 f5
63. Kb1 f4 64. Kb2 f3 65. Kb1 f2 66. Kb2 b3 67. Ka3 f1=Q 68. Kb2 Qfc1# {
White checkmated } 0-1

[Event "ICC tourney 2354 (60 10)"]
[Site "Internet Chess Club"]
[Date "2021.01.30"]
[Round "1"]
[White "JacobFeuerstein"]
[Black "andrew166"]
[Result "0-1"]
[ICCResult "White checkmated"]
[WhiteElo "1099"]
[BlackElo "1525"]
[Opening "Sicilian: Alapin's variation (2.c3)"]
[ECO "B22"]
[NIC "SI.47"]
[Time "10:12:14"]
[PlyCount "100"]
[TimeControl "3600+10"]

1. e4 c5 2. c3 Nf6 3. e5 Nd5 4. d4 cxd4 5. cxd4 d6 6. Nf3 Nc6 7. Bb5 Qa5+
8. Nc3 Nxc3 9. Bxc6+ bxc6 10. Qd2 Ba6 11. bxc3 Rb8 12. exd6 exd6 13. c4
Qxd2+ 14. Nxd2 Be7 15. O-O d5 16. Re1 dxc4 17. Ba3 Rb7 18. Rab1 Bb5 19.
Nxc4 Kd8 20. Na5 Rd7 21. Bxe7+ Rxe7 22. Nxc6+ Bxc6 23. Rb8+ Kc7 24. Rxe7+
Kxb8 25. Rxf7 Rg8 26. h4 Bd5 27. Rd7 Bxa2 28. g4 h6 29. f4 Be6 30. Re7 Bxg4
31. d5 g6 32. d6 Rd8 33. h5 gxh5 34. Rf7 Rxd6 35. f5 Rd4 36. Rf8+ Kb7 37.
f6 Rf4 38. Rf7+ Kb6 39. Rf8 Be6 40. Rb8+ Ka6 41. Rf8 Kb7 42. Kg2 a5 43. Rg8
Bxg8 44. f7 Rxf7 45. Kh2 a4 46. Kh3 a3 47. Kh2 a2 48. Kh3 Rg7 49. Kh2 a1=Q
50. Kh3 Qh1# { White checkmated } 0-1

[Event "ICC tourney 2354 (60 10)"]
[Site "Internet Chess Club"]
[Date "2021.01.30"]
[Round "1"]
[White "SAHYMS-Subi"]
[Black "che8642"]
[Result "0-1"]
[ICCResult "White checkmated"]
[WhiteElo "1156"]
[BlackElo "1563"]
[Opening "English: ultra-symmetrical variation"]
[ECO "A36"]
[NIC "EO.29"]
[Time "10:12:10"]
[PlyCount "96"]
[TimeControl "3600+10"]

1. c4 c5 2. Nc3 Nc6 3. g3 g6 4. Bg2 Bg7 5. e3 e6 6. Nge2 Nge7 7. O-O O-O 8.
d4 cxd4 9. exd4 d5 10. c5 b6 11. Bg5 h6 12. Be3 Nf5 13. Bd2 Ba6 14. Rb1
Ncxd4 15. Nxd4 Nxd4 16. Ne2 Nxe2+ 17. Kh1 Nxg3+ 18. fxg3 Bxf1 19. Qxf1 bxc5
20. Qc1 c4 21. Bxh6 Bxh6 22. Qxh6 Qf6 23. Rf1 Qxb2 24. h4 Qg7 25. Qg5 c3
26. Rc1 Rac8 27. Bf1 Kh7 28. Bd3 Qh6 29. Qxh6+ Kxh6 30. Ba6 Rc6 31. Bb7 Rc7
32. Ba6 d4 33. Kh2 e5 34. Kh3 e4 35. g4 d3 36. Kg3 c2 37. Kf2 d2 38. Rxc2
Rxc2 39. Ke2 Rxa2 40. Bc4 Rb2 41. Bd5 Rd8 42. Bxe4 d1=Q+ 43. Ke3 Qe2+ 44.
Kf4 Qf2+ 45. Ke5 Rb5+ 46. Bd5 Rbxd5+ 47. Ke4 f5+ 48. gxf5 gxf5# { White
checkmated } 0-1

[Event "ICC tourney 2354 (60 10)"]
[Site "Internet Chess Club"]
[Date "2021.01.30"]
[Round "1"]
[White "VickyV2011"]
[Black "Smartypants915"]
[Result "0-1"]
[ICCResult "White checkmated"]
[WhiteElo "1056"]
[BlackElo "1505"]
[Opening "King's Indian: London system"]
[ECO "A48"]
[NIC "QP.03"]
[Time "10:12:07"]
[PlyCount "54"]
[TimeControl "3600+10"]

1. d4 Nf6 2. Nf3 g6 3. Bf4 Bg7 4. e3 O-O 5. c3 d6 6. Bg5 Nbd7 7. Nbd2 c5 8.
Bd3 Rb8 9. O-O b5 10. Be4 b4 11. dxc5 Nxc5 12. Bxf6 Bxf6 13. cxb4 Rxb4 14.
Qc2 Rxb2 15. Qc1 Ba6 16. Rd1 Nd3 17. Qc6 Rb6 18. Qc2 Nb4 19. Qa4 Bxa1 20.
Rxa1 d5 21. Bc2 Nxc2 22. Qxc2 Qb8 23. Qa4 Rc8 24. Qh4 Rb1+ 25. Rxb1 Qxb1+
26. Nxb1 Rc1+ 27. Ne1 Rxe1# { White checkmated } 0-1

[Event "ICC tourney 2354 (60 10)"]
[Site "Internet Chess Club"]
[Date "2021.01.30"]
[Round "1"]
[White "mnm1"]
[Black "JacobBolk"]
[Result "1-0"]
[ICCResult "Black resigns"]
[WhiteElo "1508"]
[BlackElo "1057"]
[Opening "Scotch: Mieses variation"]
[ECO "C45"]
[NIC "SO.04"]
[Time "10:12:09"]
[PlyCount "41"]
[TimeControl "3600+10"]

1. e4 e5 2. Nf3 Nc6 3. d4 exd4 4. Nxd4 Nf6 5. Nxc6 bxc6 6. e5 Nd5 7. c4 Nb6
8. Be3 d6 9. exd6 cxd6 10. Bd3 d5 11. cxd5 Nxd5 12. Qf3 Nxe3 13. Qxe3+ Be6
14. O-O Qf6 15. Nc3 Bb4 16. Rac1 O-O 17. Be4 Rac8 18. Rfd1 Rfe8 19. a3 Ba5
20. Rd6 Bc4 21. Rxf6 { Black resigns } 1-0

[Event "ICC tourney 2354 (60 10)"]
[Site "Internet Chess Club"]
[Date "2021.01.30"]
[Round "1"]
[White "DanielBolk"]
[Black "GeorgeBugayev"]
[Result "0-1"]
[ICCResult "White checkmated"]
[WhiteElo "1279"]
[BlackElo "1786"]
[Opening "Caro-Kann: classical variation"]
[ECO "B18"]
[NIC "CK.10"]
[Time "10:12:10"]
[PlyCount "136"]
[TimeControl "3600+10"]

1. e4 c6 2. d4 d5 3. Nd2 dxe4 4. Nxe4 Bf5 5. Ng3 Bg6 6. Nf3 Nd7 7. Bd3 Bxd3
8. Qxd3 Ngf6 9. O-O e6 10. c3 Be7 11. h3 O-O 12. Be3 Qc7 13. Rad1 Rfd8 14.
Qc2 c5 15. Qc1 cxd4 16. Nxd4 a6 17. Rfe1 Rac8 18. Nf3 Bc5 19. Bf4 Qb6 20.
Re2 Nf8 21. Rxd8 Rxd8 22. b4 Be7 23. Be3 Qc6 24. Nd4 Qa4 25. a3 Ng6 26. Kh2
Nd5 27. c4 Nxe3 28. Qxe3 Bf6 29. Nf3 Qc6 30. c5 Qb5 31. Ne4 Be7 32. Nd4 Qd7
33. Rd2 Qc7+ 34. Ng3 Bf6 35. Nf3 Rxd2 36. Qxd2 Ne5 37. Nxe5 Bxe5 38. Qd3 g6
39. Kh1 Bxg3 40. Qxg3 Qxg3 41. fxg3 Kf8 42. Kg1 Ke7 43. Kf2 Kd7 44. Ke3 Kc6
45. Kd4 Kb5 46. Ke5 Ka4 47. Kd6 Kxa3 48. c6 bxc6 49. Kxc6 Kxb4 50. Kd6 a5
51. Ke7 a4 52. Kxf7 a3 53. Kxe6 a2 54. Kf6 a1=Q+ 55. Kf7 Qe5 56. Kg8 Qxg3
57. Kxh7 Qxg2 58. h4 Qh3 59. Kg8 Qxh4 60. Kf8 g5 61. Kg8 g4 62. Kf8 g3 63.
Kg8 g2 64. Kf8 g1=Q 65. Ke8 Qe4+ 66. Kd8 Qgd4+ 67. Kc8 Qc6+ 68. Kb8 Qdb6# {
White checkmated } 0-1

[Event "ICC tourney 2354 (60 10)"]
[Site "Internet Chess Club"]
[Date "2021.01.30"]
[Round "1"]
[White "RaiChess"]
[Black "ToughTurtle"]
[Result "0-1"]
[ICCResult "White checkmated"]
[WhiteElo "984"]
[BlackElo "1467"]
[Opening "Petrov: French attack"]
[ECO "C42"]
[NIC "RG.03"]
[Time "10:11:49"]
[PlyCount "130"]
[TimeControl "3600+10"]

1. e4 e5 2. Nf3 Nf6 3. Nxe5 d6 4. Nf3 Nxe4 5. d3 Nf6 6. Be2 d5 7. O-O Bd6
8. Nc3 O-O 9. Bg5 c6 10. d4 Bf5 11. Bd3 Bxd3 12. Qxd3 h6 13. Bh4 Nbd7 14.
Rfe1 Qc7 15. Bxf6 Nxf6 16. Ne5 Nd7 17. Qf5 Nf6 18. h3 Qc8 19. Qxc8 Raxc8
20. Rad1 Rfe8 21. Nd3 Nd7 22. Re3 Rxe3 23. fxe3 Nb6 24. e4 f6 25. Nf2 Kf7
26. Kf1 Nc4 27. exd5 Ne3+ 28. Ke2 Nxd1 29. Nfxd1 cxd5 30. Kd3 Ke6 31. Ne3
Rd8 32. Nexd5 b6 33. Ne3 Be5 34. d5+ Ke7 35. Ne4 g6 36. Kc4 Bxb2 37. Kb5
Bd4 38. Nc4 Rxd5+ 39. Kc6 Rd8 40. Ned6 a6 41. Nb7 Rc8+ 42. Kd5 Rxc4 43.
Kxc4 Be5 44. Kd5 Kd7 45. c4 Kc7 46. c5 Kxb7 47. c6+ Kc7 48. g4 g5 49. a3
Bb2 50. a4 a5 51. Ke6 Kxc6 52. Kf7 b5 53. axb5+ Kb6 54. Kg6 a4 55. Kxh6 a3
56. Kg6 a2 57. Kh6 a1=Q 58. Kg6 Qa8 59. Kh6 f5 60. Kg6 f4 61. Kh5 f3 62.
Kh6 f2 63. Kh5 f1=Q 64. Kh6 Qg8 65. Kh5 Qxh3# { White checkmated } 0-1

[Event "ICC tourney 2354 (60 10)"]
[Site "Internet Chess Club"]
[Date "2021.01.30"]
[Round "1"]
[White "JediJames"]
[Black "xiaoyiyi"]
[Result "0-1"]
[ICCResult "White checkmated"]
[WhiteElo "885"]
[BlackElo "1422"]
[Opening "QGD Slav: 4.e3 Bf5"]
[ECO "D12"]
[NIC "QP.08"]
[Time "10:11:55"]
[PlyCount "152"]
[TimeControl "3600+10"]

1. d4 d5 2. Nf3 Nf6 3. e3 Bf5 4. c4 c6 5. Be2 e6 6. O-O Nbd7 7. Nc3 Bd6 8.
b3 O-O 9. Bb2 a6 10. a4 Qc7 11. Ba3 Ne4 12. Bxd6 Nxd6 13. Bd3 Bg4 14. h3
Bh5 15. Be2 Nf6 16. Nd2 Bg6 17. Bf3 Rfe8 18. Re1 Rad8 19. e4 dxe4 20. Ndxe4
Ndxe4 21. Nxe4 Nxe4 22. Bxe4 e5 23. Bxg6 hxg6 24. d5 cxd5 25. cxd5 Qc5 26.
Rc1 Qd6 27. Qd2 e4 28. Rcd1 Re5 29. f4 Rxd5 30. Qxd5 Qxd5 31. Rxd5 Rxd5 32.
Rxe4 Rd3 33. b4 Ra3 34. a5 Rb3 35. Kf2 f5 36. Rc4 Kh7 37. Ke2 Kh6 38. Kf2
Kh5 39. Ke2 Kh4 40. Kf2 g5 41. g3+ Kxh3 42. fxg5 Rxg3 43. Rc7 Rxg5 44. Rxb7
Rg6 45. Rb6 Rg4 46. Rxa6 Rxb4 47. Rb6 Ra4 48. a6 Kg4 49. Kg2 Ra2+ 50. Kf1
Kf3 51. Rb3+ Ke4 52. Rb4+ Kd5 53. Rb5+ Ke6 54. Rb6+ Ke5 55. Rb5+ Kf6 56.
Rb6+ Kg5 57. Rc6 g6 58. Rd6 f4 59. Rd5+ Kg4 60. Rd6 g5 61. Ke1 Kg3 62. Rd3+
f3 63. Rd2 Rxa6 64. Rd3 g4 65. Kd2 Kg2 66. Ke3 Re6+ 67. Kf4 f2 68. Rd2 g3
69. Kg4 Kg1 70. Rd1+ Re1 71. Rxe1+ fxe1=Q 72. Kh5 g2 73. Kg4 Kh2 74. Kf3
g1=Q 75. Kf4 Qgg3+ 76. Kf5 Qee5# { White checkmated } 0-1

[Event "ICC tourney 2354 (60 10)"]
[Site "Internet Chess Club"]
[Date "2021.01.30"]
[Round "1"]
[White "thihansa"]
[Black "coolhacker1234"]
[Result "0-1"]
[ICCResult "White checkmated"]
[WhiteElo "1231"]
[BlackElo "1739"]
[Opening "Giuoco Piano"]
[ECO "C54"]
[NIC "IG.02"]
[Time "10:11:39"]
[PlyCount "152"]
[TimeControl "3600+10"]

1. e4 e5 2. Nf3 Nc6 3. Bc4 Bc5 4. c3 Nf6 5. d3 d6 6. Bb3 Bb6 7. Nbd2 O-O 8.
O-O Ne7 9. Re1 Ng6 10. Nf1 Bg4 11. h3 Be6 12. Be3 Qd7 13. Ng5 Bxb3 14. axb3
h6 15. Nf3 Rfe8 16. Qd2 Nh5 17. Bxb6 axb6 18. Ne3 Nhf4 19. Nf5 Qb5 20. Qd1
Rxa1 21. Qxa1 Qxd3 22. Qd1 Qxd1 23. Rxd1 Ra8 24. Ne1 Ra2 25. Rb1 Ne6 26. b4
b5 27. Nd3 Nef4 28. Nxf4 Nxf4 29. Ne7+ Kf8 30. Nd5 Nxd5 31. exd5 Ke7 32.
Kf1 f5 33. Ke2 Kf6 34. Ke3 g5 35. g3 c6 36. dxc6 bxc6 37. f4 e4 38. g4 d5
39. fxg5+ hxg5 40. gxf5 Kxf5 41. Rf1+ Ke5 42. Rg1 Kf6 43. Rf1+ Kg6 44. Rf2
Ra8 45. Rg2 Rh8 46. Rg3 Kf5 47. b3 Rh4 48. Kd4 Kf4 49. Re3 Kf5 50. c4 bxc4
51. bxc4 dxc4 52. Kxc4 Rh8 53. Kc5 Kf4 54. Re1 Kf3 55. Kxc6 e3 56. b5 e2
57. b6 Kf2 58. Rb1 e1=Q 59. Rxe1 Kxe1 60. b7 Kf2 61. Kc7 Kg3 62. b8=Q Rxb8
63. Kxb8 Kxh3 64. Kc7 g4 65. Kd6 g3 66. Ke5 g2 67. Kd5 g1=Q 68. Ke4 Qd1 69.
Ke5 Qd3 70. Ke6 Qd4 71. Ke7 Qd5 72. Ke8 Qb7 73. Kd8 Kg4 74. Ke8 Kf5 75. Kd8
Ke6 76. Ke8 Qb8# { White checkmated } 0-1

[Event "ICC tourney 2354 (60 10)"]
[Site "Internet Chess Club"]
[Date "2021.01.30"]
[Round "1"]
[White "bgl2011"]
[Black "LionsHansenW"]
[Result "1-0"]
[ICCResult "Black checkmated"]
[WhiteElo "1401"]
[BlackElo "860"]
[Opening "Giuoco Pianissimo"]
[ECO "C55"]
[NIC "IG.01"]
[Time "10:25:37"]
[PlyCount "123"]
[TimeControl "3600+10"]

1. e4 e5 2. Nf3 Nc6 3. Bc4 Nf6 4. d3 Bc5 5. c3 O-O 6. O-O d6 7. h3 a6 8. b4
b5 9. Bb3 Bb6 10. Bg5 h6 11. Bh4 Qe7 12. Bd5 Bd7 13. Re1 Rad8 14. a3 Nb8
15. d4 Be6 16. dxe5 dxe5 17. Qb3 c6 18. Bxe6 fxe6 19. Nxe5 Qd6 20. Nf3 Rde8
21. Nbd2 Nbd7 22. e5 Qd3 23. exf6 gxf6 24. Rxe6 Rxe6 25. Qxe6+ Rf7 26. Bxf6
Nxf6 27. Ne5 Qh7 28. Qxf7+ Qxf7 29. Nxf7 Kxf7 30. Re1 c5 31. Ne4 Nd7 32.
Nxc5 Nxc5 33. bxc5 Bxc5 34. a4 bxa4 35. Ra1 a3 36. Kf1 Ke6 37. Ke2 Kd5 38.
Kd3 Bxf2 39. Rxa3 Bc5 40. Rxa6 Bf8 41. g4 Kc5 42. h4 Kb5 43. Rf6 Bg7 44.
Rf7 Bh8 45. Rh7 Bf6 46. Rxh6 Bg7 47. Rg6 Be5 48. h5 Kc5 49. h6 Kd5 50. g5
Kc5 51. h7 Kd5 52. Ra6 Kc5 53. g6 Kb5 54. Ra7 Kb6 55. g7 Bxg7 56. Rxg7 Ka5
57. Ra7+ Kb5 58. Ra5+ Kxa5 59. Kc4 Ka4 60. h8=Q Ka3 61. Qh2 Ka4 62. Qa2# {
Black checkmated } 1-0

[Event "ICC tourney 2354 (60 10)"]
[Site "Internet Chess Club"]
[Date "2021.01.30"]
[Round "1"]
[White "TweensGambit"]
[Black "alexandersoll"]
[Result "0-1"]
[ICCResult "White checkmated"]
[WhiteElo "1383"]
[BlackElo "798"]
[Opening "Sicilian: Alapin's variation (2.c3)"]
[ECO "B22"]
[NIC "SI.46"]
[Time "10:14:09"]
[PlyCount "104"]
[TimeControl "3600+10"]

1. e4 c5 2. c3 d6 3. d4 cxd4 4. cxd4 Nf6 5. Nc3 g6 6. Nf3 Bg7 7. Bc4 O-O 8.
O-O Bg4 9. h3 Bxf3 10. Qxf3 Nc6 11. Be3 Qb6 12. Na4 Qb4 13. Bb3 Nxd4 14.
Bxd4 Qxd4 15. Rfe1 Nd7 16. Nc3 Qf6 17. Qd3 Nc5 18. Qc2 Qh4 19. Bd5 Bd4 20.
Re2 Rab8 21. Rd1 Be5 22. b4 Qf4 23. g3 Qf3 24. Re3 Qf6 25. bxc5 dxc5 26.
Ne2 Qg7 27. Qxc5 Rbc8 28. Qxe7 Rc7 29. Qb4 b6 30. f4 Bf6 31. e5 Be7 32. Qd2
Bc5 33. Nd4 Rd7 34. Qg2 Rfd8 35. Red3 Rxd5 36. Qe4 f5 37. Qe3 Qd7 38. e6
Bxd4 39. Rxd4 Rxd4 40. exd7 Rxd1+ 41. Kf2 R8xd7 42. Qe6+ Kg7 43. Qe5+ Kh6
44. g4 R7d2+ 45. Kf3 Rf1+ 46. Ke3 Rxa2 47. g5+ Kh5 48. Qd5 Re1+ 49. Kf3
Ra3+ 50. Kf2 Rb1 51. Qf7 Rb2+ 52. Ke1 Ra1# { White checkmated } 0-1

[Event "ICC tourney 2354 (60 10)"]
[Site "Internet Chess Club"]
[Date "2021.01.30"]
[Round "1"]
[White "pinkjam82"]
[Black "BSILawrence"]
[Result "1-0"]
[ICCResult "Black checkmated"]
[WhiteElo "1588"]
[BlackElo "1167"]
[Opening "Queen's pawn: Charlick (Englund) gambit"]
[ECO "A40"]
[NIC "QO.17"]
[Time "10:11:51"]
[PlyCount "103"]
[TimeControl "3600+10"]

1. d4 e5 2. dxe5 Nc6 3. Nf3 Qe7 4. Bf4 Qb4+ 5. Bd2 Qxb2 6. Nc3 Bb4 7. Rb1
Qa3 8. Nd5 Bxd2+ 9. Nxd2 Qa5 10. Rb5 Qa4 11. e3 Kd8 12. Nc3 Qh4 13. Nf3 Qe7
14. Bc4 a6 15. Rd5 Nb4 16. Rd4 Nc6 17. Nd5 Qe8 18. Rf4 Nge7 19. Nxe7 Qxe7
20. O-O Rf8 21. h4 Nxe5 22. Nxe5 Qxe5 23. Bxf7 Qe7 24. Bd5 Rxf4 25. exf4
Qxh4 26. Re1 c6 27. Qd2 a5 28. Qd4 Ra6 29. Bc4 b5 30. Bd3 g5 31. Qf6+ Kc7
32. fxg5 Rb6 33. Re8 Qh5 34. Qd8+ Kd6 35. Qxc8 Qxg5 36. Qd8 Qc1+ 37. Bf1
Ra6 38. Qb8+ Kc5 39. Qe5+ Kb4 40. Qd4+ Ka3 41. Qc3+ Kxa2 42. Re1 Qb2 43.
Bc4+ bxc4 44. Qxc4+ Ka3 45. Re3+ Qc3 46. Rxc3+ Kb2 47. Rb3+ Kc1 48. Qe2 Ra8
49. Qe1+ Kxc2 50. Rc3+ Kb2 51. Qc1+ Ka2 52. Ra3# { Black checkmated } 1-0

[Event "ICC tourney 2354 (60 10)"]
[Site "Internet Chess Club"]
[Date "2021.01.30"]
[Round "1"]
[White "NathanBolk"]
[Black "Noahchess328"]
[Result "1/2-1/2"]
[ICCResult "Game drawn by mutual agreement"]
[WhiteElo "1167"]
[BlackElo "1577"]
[Opening "Queen's bishop game"]
[ECO "D02"]
[NIC "QP.08"]
[Time "10:12:08"]
[PlyCount "136"]
[TimeControl "3600+10"]

1. d4 d5 2. Nf3 Nf6 3. Bf4 Bf5 4. e3 e6 5. c4 c6 6. Nc3 Bb4 7. Qb3 Bxc3+ 8.
bxc3 Qe7 9. c5 Ne4 10. Bd3 Nxc5 11. dxc5 Bxd3 12. Bd6 Bc4 13. Qb2 Qd7 14.
Ne5 Qc8 15. Nxc4 dxc4 16. Qb4 Na6 17. Qxc4 Nc7 18. Qg4 Qd7 19. Qxg7 O-O-O
20. Qd4 Nb5 21. Qa4 a6 22. Qb4 Nxd6 23. cxd6 Qxd6 24. Qxd6 Rxd6 25. Rd1
Rhd8 26. Ke2 Kc7 27. Rxd6 Rxd6 28. Rd1 Rxd1 29. Kxd1 Kb6 30. Kc2 Kc5 31.
Kd3 b5 32. a3 a5 33. g4 b4 34. cxb4+ axb4 35. axb4+ Kxb4 36. Kc2 Kc4 37. f4
Kb4 38. h4 Kc4 39. h5 Kd5 40. Kd3 Kc5 41. Kc3 Kd6 42. Kc4 e5 43. f5 f6 44.
e4 h6 45. Kb4 Kd7 46. Kc3 Kd6 47. Kd3 Kd7 48. Kc3 Kd6 49. Kd2 Kd7 50. Ke2
Kd6 51. Ke3 Kd7 52. Kf3 Kd6 53. Ke2 Kd7 54. Kd3 Kd6 55. Kc4 Kd7 56. Kc5 Kc7
57. Kb4 Kd7 58. Kc4 Kd6 59. Kb4 Kd7 60. Kc3 Kd6 61. Kc4 Kd7 62. Kb4 Kd6 63.
Kc3 Kd7 64. Kd3 Kd6 65. Kc2 Kd7 66. Kd3 Kd6 67. Kc4 Kd7 68. Kc5 Kc7 { Game
drawn by mutual agreement } 1/2-1/2

[Event "ICC tourney 2354 (60 10)"]
[Site "Internet Chess Club"]
[Date "2021.01.30"]
[Round "1"]
[White "JackOliver"]
[Black "riaanj"]
[Result "1-0"]
[ICCResult "Black checkmated"]
[WhiteElo "1461"]
[BlackElo "960"]
[Opening "Queen's pawn, Mason variation"]
[ECO "D00"]
[NIC "QP.08"]
[Time "10:11:45"]
[PlyCount "119"]
[TimeControl "3600+10"]

1. d4 d5 2. Bf4 Nc6 3. Nf3 Nf6 4. e3 Bg4 5. c3 e6 6. Bd3 Bd6 7. Bxd6 cxd6
8. h3 Bxf3 9. Qxf3 O-O 10. Nd2 e5 11. dxe5 Nxe5 12. Qe2 Nxd3+ 13. Qxd3 Qb6
14. Nb3 Rac8 15. O-O Rfe8 16. Rfe1 Qc7 17. Rad1 Qe7 18. Nd4 Qe4 19. Qe2 Nd7
20. Nb5 Re6 21. Nd4 Rg6 22. f4 Re8 23. Kh2 Nb6 24. b3 Nd7 25. g4 h6 26. h4
h5 27. g5 Nf8 28. Kh3 Ne6 29. Qxh5 Nxd4 30. exd4 Qf5+ 31. Kg3 Rc8 32. Qf3
Qc2 33. Re3 Re6 34. Rdd3 Qxa2 35. Rxe6 fxe6 36. Qg4 Kf7 37. Qh5+ Ke7 38.
Qg6 Rg8 39. Re3 Qd2 40. Qxe6+ Kd8 41. Qxg8+ Kc7 42. Qxg7+ Kc6 43. Qe7 Qc1
44. g6 Qg1+ 45. Kh3 Qf1+ 46. Kg4 Qd1+ 47. Kg5 Qg1+ 48. Kh6 Qg4 49. Re6
Qxf4+ 50. Kh7 a6 51. h5 Qg3 52. h6 Qf4 53. Qf6 Qg3 54. g7 Qd3+ 55. Qg6
Qxg6+ 56. Rxg6 Kd7 57. g8=Q Ke7 58. Qe6+ Kd8 59. Rg7 b5 60. Qd7# { Black
checkmated } 1-0